 Dungeon Crawl Stone Soup version 0.31-a0-971-g75a2e9a4b4 (webtiles) character file.

Game seed: 11051419176583998193

2905 Gargoyl the Protected (level 9, -2/82 HPs)
             Began as a Gargoyle Berserker on Oct 28, 2023.
             Was a Believer of Trog.
             Slain by a yak (7 damage)
             ... on level 7 of the Dungeon.
             The game lasted 00:08:09 (6709 turns).

Gargoyl the Protected (Gargoyle Berserker)          Turns: 6709, Time: 00:08:09

Health: -2/82      AC: 16    Str: 21    XL:     9   Next: 78%
Magic:  9/9        EV: 12    Int:  8    God:    Trog [**....]
Gold:   69         SH:  0    Dex: 13    Spells: 8/8 levels left

rFire   . . .        a - +2 hand axe
rCold   . . .        (no shield)
rNeg    + + .        u - +0 ring mail of the Untouchables {Rampage +Blink rN+}
rPois   ∞            (no helmet)
rElec   +            (no cloak)
rCorr   .            g - +2 pair of gloves
SInv    .            (no boots)
Will    .....        (no amulet) Stlth
                     (no ring)
HPRegen 0.33/turn    (no ring)
MPRegen 0.11/turn

%: rampage
@: berserking, very quick
A: sickness immunity, AC +6, negative energy resistance 1, electricity
resistance, torment resistance 1, petrification resistance
a: Renounce Religion, Evoke Blink, Berserk, Trog's Hand


You were on level 7 of the Dungeon.
You worshipped Trog.
Trog was pleased with you.
You visited 1 branch of the dungeon, and saw 8 of its levels.

You collected 335 gold pieces.
You spent 266 gold pieces at shops.

Inventory:

Hand Weapons
 a - a +2 hand axe (weapon)
 b - a +4 short sword
 m - a +5 scimitar of holy wrath
Armour
 g - a +2 pair of gloves (worn)
 u - the +0 ring mail of the Untouchables (worn) {Rampage +Blink rN+}
   (You bought it in a shop on level 7 of the Dungeon)

   rN+:       It protects you from negative energy.
   +Blink:    It lets you blink.
   Rampage:   It bestows one free step when moving towards enemies.
Wands
 e - a wand of flame (30)
 v - a wand of charming (5)
Scrolls
 d - 3 scrolls of fear
 f - a scroll of revelation
 i - a scroll of silence
 j - 4 scrolls of identify
 k - 3 scrolls of enchant weapon
 n - a scroll of enchant armour
 o - a scroll of brand weapon {unknown}
 s - a scroll of fog {unknown}
 t - 3 scrolls of teleportation
Potions
 c - a potion of curing
 h - a potion of enlightenment {unknown}
 l - 4 potions of lignification {unknown}
 p - 2 potions of invisibility {unknown}
 q - a potion of berserk rage {unknown}
 r - a potion of magic {unknown}
 w - a potion of brilliance {unknown}


   Skills:
 + Level 6.1 Fighting
 + Level 3.7(5.2) Short Blades
 + Level 5.6(6.2) Long Blades
 + Level 3.6 Axes
 * Level 8.1 Armour
 * Level 4.9 Dodging
 + Level 0.9 Stealth
 + Level 0.3 Evocations


You had 8 spell levels left.
You didn't know any spells.
Your spell library was empty.

Dungeon Overview and Level Annotations

Branches:
Dungeon (8/15)             Temple (0/1) D:5
   Lair: D:8-11

Altars:
Kikubaaqudgha
Okawaru
Qazlal
Trog
Uskayaw
Vehumet
Wu Jian
Yredelemnul
The Shining One

Shops:
D:6 :   D:7 [


Innate Abilities, Weirdness & Mutations

You are immune to sickness and miasma.
Your stone body is resilient. (AC +6)
You are immune to poison.
You resist negative energy. (rN+)
You are resistant to electric shocks. (rElec)
You are resistant to unholy torment.
You are immune to petrification.


Message History

You climb downwards.
The yak gores you but does no damage. x2
The yak barely misses you. The yak gores you but does no damage.
The yak gores you.
There is a stone staircase leading up here.
Unknown command.
The yak gores you but does no damage. The yak gores you!
The yak gores you but does no damage. The yak gores you.
You climb upwards.
There is a stone staircase leading down here.
Unknown command.
Your +5 scimitar of holy wrath stops glowing.
a - a +2 hand axe (weapon)
The yak barely misses you.
The yak gores you. x2; The yak barely misses you.
Unknown command.
A red film seems to cover your vision as you go berserk!
You feel yourself moving faster!
You feel mighty! The yak closely misses you. The yak gores you!
The yak gores you but does no damage. The yak barely misses you. x2
You barely miss the yak. You slash the yak! You hit the yak. You slash the yak!
You hit the yak. The yak gores you! The yak misses you.
The yak gores you but does no damage. The yak gores you!
Unknown command.
You completely miss the yak. You barely miss the yak. You hit the yak.
You closely miss the yak. You hit the yak.
The yak gores you but does no damage.
Unknown command.
You hit the yak.
The yak is lightly wounded.
You closely miss the yak.
You slash the yak! x3; The yak gores you!
* * * LOW HITPOINT WARNING * * *
The yak gores you but does no damage. The yak closely misses you.
The yak gores you.
* * * LOW HITPOINT WARNING * * *
The yak gores you but does no damage.
You hit the yak.
The yak is lightly wounded.
You hit the yak but do no damage. You hit the yak. x3; The yak gores you!
* * * LOW HITPOINT WARNING * * *
The yak gores you!
You die...

........#
####.....#
#######.#
###........#
......#.#
###..........#
#####.#.#
#............#
....#.#.#
#............#
###.#.#.#
#........"...#
..#.#.#.#
##...........#
....#.#.#
#...YYY.....#
#####.#.#
#....@Y.....#
......#.##
######Y#....#
#######..##
#.#))..#
..........#
#...)..#
.<........#
##.....#
..........#
##....#
.##......##
#....#
#####..###
#....# ####
#....#


You could see 5 yaks.

Vanquished Creatures
  Prince Ribbit (D:7)
  2 steam dragons
  Menkaure (D:7)
  A water moccasin (D:7)
  An orc warrior (D:7)
  3 sky beasts
  2 ice beasts
  6 ogres
  A bullfrog (D:7)
  2 scorpions
  3 wights (D:7)
  An electric eel (D:7)
  A howler monkey (D:5)
  A jelly (D:5)
  A gnoll bouda (D:7)
  3 hounds
  3 orc priests
  The ghost of topfpfpflanze the Conjurer, a weakling FeCj (D:3)
  2 sleepcaps
  5 iguanas
  An orc wizard (D:7)
  16 gnolls
  4 adders
  2 shadow imps
  2 dart slugs
  11 orcs
  5 bats
  9 endoplasms
  4 hobgoblins
  7 quokkas
  8 ball pythons
  8 frilled lizards
  8 goblins
  7 kobolds
  3 rats
136 creatures vanquished.

Vanquished Creatures (others)
  A goblin (D:1)
1 creature vanquished.

Grand Total: 137 creatures vanquished

Notes
Turn   | Place    | Note
-------+----------+-------------------------------------------
     0 | D:1      | Gargoyl the Gargoyle Berserker began the quest for the Orb.
     0 | D:1      | Reached XP level 1. HP: 14/14 MP: 1/1
   224 | D:1      | Reached XP level 2. HP: 17/19 MP: 2/2
  1047 | D:2      | Found a hide-covered altar of Uskayaw.
  1058 | D:2      | Reached XP level 3. HP: 19/24 MP: 3/3
  1074 | D:2      | Reached ** piety under Trog
  1631 | D:3      | Noticed a scorpion
  1639 | D:3      | Killed a scorpion
  1640 | D:3      | Reached skill level 3 in Armour
  1640 | D:3      | Reached XP level 4. HP: 29/29 MP: 4/4
  1680 | D:3      | Found a basalt altar of Yredelemnul.
  1737 | D:3      | Found a faded altar of an unknown god.
  2104 | D:3      | Found a runed translucent door.
  2104 | D:3      | Noticed topfpfpflanze's ghost (weakling FeCj)
  2113 | D:3      | Killed topfpfpflanze's ghost
  2114 | D:3      | Reached XP level 5. HP: 33/33 MP: 5/5
  2317 | D:4      | Noticed an ice beast
  2319 | D:4      | Noticed an ogre
  2319 | D:4      | Noticed an ogre
  2382 | D:3      | Killed an ice beast
  2383 | D:3      | Reached skill level 1 in Short Blades
  2383 | D:3      | Reached skill level 4 in Armour
  2383 | D:3      | Reached XP level 6. HP: 22/38 MP: 6/6
  2595 | D:4      | Reached XP level 7. HP: 24/43 MP: 7/7
  2680 | D:4      | Found a radiant altar of Vehumet.
  2701 | D:4      | Reached skill level 5 in Armour
  2894 | D:4      | Found a glowing golden altar of the Shining One.
  2894 | D:4      | Found an iron altar of Okawaru.
  3069 | D:5      | Entered Level 5 of the Dungeon
  3363 | D:5      | Identified a scroll of acquirement
  3363 | D:5      | Acquired a +5 scimitar of holy wrath
  3363 | D:5      | Found a stormy altar of Qazlal.
  3620 | D:5      | Reached XP level 8. HP: 46/48 MP: 8/8
  3636 | D:5      | Reached skill level 6 in Armour
  3785 | D:5      | Found a staircase to the Ecumenical Temple.
  4116 | D:6      | Found Nain's Vocational Training.
  4126 | D:6      | Reached skill level 5 in Fighting
  4126 | D:6      | Reached skill level 1 in Long Blades
  4592 | D:6      | Found a bloodstained altar of Trog.
  5157 | D:7      | Reached skill level 7 in Armour
  5157 | D:7      | Reached XP level 9. HP: 36/54 MP: 9/9
  5265 | D:7      | Reached *** piety under Trog
  5371 | D:7      | Found an ancient bone altar of Kikubaaqudgha.
  5623 | D:7      | Noticed Menkaure
  5631 | D:7      | Killed Menkaure
  5669 | D:7      | Noticed Prince Ribbit
  5689 | D:7      | Killed Prince Ribbit
  5690 | D:7      | Reached skill level 5 in Long Blades
  5824 | D:7      | Found Delivi's Armour Shoppe.
  5833 | D:7      | Bought the +0 ring mail of the Untouchables {Rampage +Blink
                  | rN+} for 266 gold pieces
  5910 | D:7      | Found an ornate altar of the Wu Jian Council.
  6361 | D:7      | Reached skill level 8 in Armour
  6709 | D:7      | Slain by a yak

Illustrated notes

Levels and vault maps discovered:
D:1:      zelgadis_glass_arrival_small, layout_loops_ring, serial_forest,
          infiniplex_forest_straight_1, infiniplex_forest_3_way,
          infiniplex_forest_clump_large, infiniplex_forest_corner_1,
          infiniplex_forest_clump_long, infiniplex_forest_lined_room_2,
          infiniplex_forest_straight_2
D:2:      layout_rooms, basic_altar
D:3:      layout_loops_ring, mainiacjoe_overflow_brackets,
          chequers_ecumenical_altar_twisty, gammafunk_ghost_grave
D:4:      layout_rooms, vehumet_altar_wand_db, nicolae_overflow_two_pavilions
D:5:      layout_basic, grunt_qazlal_clouds, minmay_temple_entry_waves
D:6:      layout_basic, nicolae_overflow_hidden_temple, minmay_fountain_box,
          nicolae_shop_vocational
D:7:      statuecave_lemuel, layout_cave_pods, lemuel_doored_altar,
          nzn_wu_jian_contemplation, serial_shops, nicolae_square_shop,
          minivault_5, nrook_campfire, uniq_menkaure, uniq_prince_ribbit1
D:8:      layout_loops_ring, mainiacjoe_overflow_cross_hatched,
          nicolae_grassy_gnolls

Skill      XL: |  1  2  3  4  5  6  7  8  9 |
---------------+----------------------------+-----
Axes           | 3 |  3.6
Armour         | 3 4 5 7 8 |  8.1
Dodging        | 2 3 4 |  4.9
Fighting       | 4 5 6 |  6.1
Short Blades   | 1 2 3 |  3.7
Long Blades    | 3 5 |  5.6
Stealth        | |  0.9
Evocations     | |  0.3

Action                     |  1- 3 |  4- 6 |  7- 9 || total
---------------------------+-------+-------+-------++-------
  Melee: Hand axe          |    74 |       |     4 ||    78
         Short sword       |    22 |    99 |   102 ||   223
         Scimitar          |       |       |   233 ||   233
         Punch             |       |       |     3 ||     3
 Invoke: Berserk           |     2 |     3 |     7 ||    12
         Trog's Hand       |       |       |     5 ||     5
  Evoke: Wand              |       |       |     3 ||     3
    Use: Scroll            |     8 |     1 |     5 ||    14
 Armour: Animal skin       |    34 |       |       ||    34
         Ring mail         |    18 |       |    49 ||    67
         Scale mail        |    13 |    66 |     1 ||    80
         Chain mail        |       |       |   349 ||   349
  Dodge: Dodged            |    70 |    45 |   234 ||   349

Table legend: (Time is in decaauts)
 A = Elapsed time spent in this place.
 B = Non-inter-level travel time spent in this place.
 C = Inter-level travel time spent in this place.
 D = Time resting spent in this place.
 E = Time spent auto-exploring this place.
 F = Levels seen in this place.
 G = Mean time per level.
                   A        B        C        D        E       F      G
               +--------+--------+--------+--------+--------+-----+--------+
         Total |   6847 |   6602 |    245 |    422 |   4728 |   8 |  855.9 |
       Dungeon |   6847 |   6602 |    245 |    422 |   4728 |   8 |  855.9 |
               +--------+--------+--------+--------+--------+-----+--------+

Top non-repeatable levels by time:
     D:7: 1624 daAuts
     D:5: 1158 daAuts
     D:1: 1011 daAuts
     D:6: 928 daAuts
     D:3: 867 daAuts
     D:4: 662 daAuts
     D:2: 575 daAuts
     D:8: 18 daAuts
